AoeStats
← EmperorNowBack

Arabian Desert

509705426Analyzed
1v1 RM · 4d ago on Sep 27, 2026· 31m 46s· 2 players
Game mode
Random Map
Map size
Tiny (2 player)
Population
200
Speed
Normal
Resources
Standard
Victory
Conquest
Starting age
Dark Age
Ending age
Imperial Age
RankedLock teamsTeams togetherTeam positionsShared explorationLock speedFull tech treeHidden civsTurbo modeCheats
Victory
Defeat
🇧🇷 Burgundians · Brazil
1582
+16
🇦🇺 Magyars · Australia
1578
-16
Atula King
6:14 Loom
8:51 Feudal Age
9:45 Double-Bit Axe
20:58 Castle Age
22:11 Bow Saw
26:08 Horse Collar
28:29 Wheelbarrow
EmperorNowBack
3:51 Double-Bit Axe
7:41 Loom
11:19 Feudal Age
11:20 Horse Collar
13:50 Man-at-Arms
17:07 Arson
18:01 Wheelbarrow
17:58 Bow Saw
17:28 Horse Collar
18:23 Heavy Plow
20:08 Gold Mining
23:13 Castle Age
21:29 Scale Barding Armor
22:01 Gold Shaft Mining
23:15 Cavalier
24:25 Husbandry
25:07 Chain Barding Armor
Connection lost

Rejoining the realm…

Still unreachable

The connection could not be restored.

Session expired

The server has moved on; the page needs a fresh start.